 Dungeon Crawl Stone Soup version 0.30-a0-918-g0ff054e9dc (webtiles) character file.

Game seed: 443432542378159640

2061 Sobieck the Grappler (level 9, -2/42 HPs)
             Began as a Vine Stalker Necromancer on Mar 20, 2023.
             Was an Initiate of Wu Jian.
             Succumbed to a kobold brigand's curare-tipped dart
             ... on level 7 of the Dungeon.
             The game lasted 00:15:00 (7476 turns).

Sobieck the Grappler (Vine Stalker Necromancer)     Turns: 7476, Time: 00:15:00

Health: -2/42      AC: 17    Str: 24    XL:     9   Next: 25%
Magic:  4/14       EV:  9    Int: 15    God:    Wu Jian [......]
Gold:   308        SH:  0    Dex: 14    Spells: 10/14 levels left

rFire   . . .      SeeInvis .      - Unarmed
rCold   . . .      Faith    .    (no shield)
rNeg    . . .      Spirit   +    v - +5 chain mail of Xovvifyops {Str+8}
rPois   .          Reflect  .    (no helmet)
rElec   .          Rampage  .    n - +1 cloak
rCorr   .                        G - +1 pair of gloves
Will    +....                    (no boots) Stlth
                                 B - amulet of the acrobat
HPRegen 1.07/turn                c - ring of wizardry
MPRegen 0.14/turn                (no ring)

@: lethally poisoned (-2 -> -32), slowed, very slow
A: fangs 3, regeneration 1, magic shield, antimagic bite, no potion heal 2
a: Renounce Religion


You were on level 7 of the Dungeon.
You worshipped Wu Jian.
Wu Jian was noncommittal.
You visited 2 branches of the dungeon, and saw 8 of its levels.

You collected 308 gold pieces.


Innate Abilities, Weirdness & Mutations

You have razor-sharp teeth.
Your natural rate of healing is unusually fast.
When hurt, damage is shared between your health and your magic reserves.
Your bite disrupts and absorbs the magic of your enemies.
Potions cannot restore your health.


   Skills:
 + Level 2.3 Fighting
 + Level 0.3 Armour
 + Level 2.9 Dodging
 - Level 3.0 Stealth
 + Level 10.3 Unarmed Combat
 - Level 3.0 Spellcasting
 - Level 5.0 Necromancy


You had 10 spell levels left.
You knew the following spells:

 Your Spells              Type           Power      Damage    Failure   Level
a - Necrotise             Necr           68%        1d7       9%          1
b - Vampiric Draining     Necr           17%        2d7       26%         3

Your spell library contained the following spells:

 Spells                   Type           Power      Damage    Failure   Level
 Beastly Appendage        Tmut           4%         N/A       52%         1
 Animate Dead             Necr           17%        N/A       61%         4
 Wereblood                Tmut           2%         N/A       65%         2
 Call Canine Familiar     Summ           2%         N/A       86%         3
 Portal Projectile        Hex/Tloc       4%         N/A       86%         3
 Spider Form              Tmut/Pois      2%         N/A       86%         3
 Agony                    Necr           17%        N/A       90%         5
 Leda's Liquefaction      Hex/Erth       1%         N/A       99%         4
 Petrify                  Tmut/Erth      2%         N/A       99%         4
 Metabolic Englaciation   Hex/Ice        1%         N/A       100%        5
 Statue Form              Tmut/Erth      1%         N/A       100%        6

Inventory:

Hand Weapons
 g - a +0 dagger {short}
   (You took it off a kobold on level 1 of the Dungeon)
 j - a +0 dagger {short}
   (You took it off a kobold on level 1 of the Dungeon)
 m - a +0 mace {mace}
   (You found it on level 1 of the Dungeon)
 t - a +0 club {mace}
   (You took it off a goblin on level 1 of the Dungeon)
 u - a +0 whip {mace}
   (You took it off a kobold on level 1 of the Dungeon)
 y - a +0 whip {mace}
   (You took it off a kobold on level 2 of the Dungeon)
 z - a +0 club {mace}
   (You found it on level 2 of the Dungeon)
 C - a +0 club {mace}
   (You took it off a kobold on level 2 of the Dungeon)
 F - a +0 quarterstaff {staff}
   (You found it on level 2 of the Dungeon)
Missiles
 k - 45 stones {throwing}
 I - 2 javelins {throwing}
 J - 4 atropa-tipped darts {throwing}
 O - 15 poisoned darts {throwing}
 R - 2 boomerangs {throwing}
Armour
 a - a +0 robe
 d - a +0 leather armour
   (You found it on level 1 of the Dungeon)
 f - a +0 buckler
   (You found it on level 1 of the Dungeon)
 i - a +0 robe
   (You found it on level 1 of the Dungeon)
 n - a +1 cloak (worn)
   (You found it on level 1 of the Dungeon)
 p - a +0 ring mail
   (You took it off an orc on level 5 of the Dungeon)
 q - a +0 robe
   (You found it on level 1 of the Dungeon)
 v - the +5 chain mail of Xovvifyops (worn) {Str+8}
   (You found it on level 7 of the Dungeon)

   Str:       It affects your strength (+8).
 x - a +2 helmet
   (You found it on level 7 of the Dungeon)
 A - a +0 ring mail
   (You found it on level 2 of the Dungeon)
 E - a +0 ring mail
   (You took it off an orc on level 5 of the Dungeon)
 G - a +1 pair of gloves (worn)
   (You found it on level 2 of the Dungeon)
 H - a +0 scale mail
   (You found it on level 2 of the Dungeon)
 N - a +0 plate armour
   (You found it on level 5 of the Dungeon)
 P - a +0 robe
   (You found it on level 4 of the Dungeon)
 S - a +0 leather armour
   (You took it off an orc on level 4 of the Dungeon)
 T - a +0 robe
   (You took it off an orc wizard on level 4 of the Dungeon)
 U - a +0 robe
   (You took it off an orc wizard on level 4 of the Dungeon)
 V - a +0 scale mail
   (You took it off an orc on level 5 of the Dungeon)
 W - a +0 ring mail
   (You took it off an orc on level 5 of the Dungeon)
 Z - a +0 leather armour
   (You took it off an orc on level 5 of the Dungeon)
Jewellery
 c - a ring of wizardry (left hand)
   (You found it on level 1 of the Dungeon)
 B - an amulet of the acrobat (around neck)
   (You found it on level 4 of the Dungeon)
Wands
 w - a wand of paralysis (9)
   (You found it on level 6 of the Dungeon)
 D - a wand of quicksilver (6)
   (You found it on level 6 of the Dungeon)
Scrolls
 h - 2 scrolls of teleportation {@r4}
 l - a scroll of fog
 o - 3 scrolls of poison {!r}
 s - a scroll of fear
 K - 5 scrolls of identify {@r1}
 Y - 4 scrolls of enchant armour
Potions
 b - a potion of magic
 e - 2 potions of flight
 r - 3 potions of haste {@q3}
 L - a potion of ambrosia {unknown}
 M - 4 potions of curing {@q1}
 Q - a potion of might {unknown}
 X - a potion of attraction {unknown}

Dungeon Overview and Level Annotations

Branches:
Dungeon (7/15) Zot: 26459  Temple (1/1) D:7 Zot: 5821

Altars:
Ashenzari
Cheibriados
Dithmenos
Elyvilon
Fedhas
Gozag
Kikubaaqudgha
Makhleb
Nemelex Xobeh
Okawaru
Qazlal
Ru
Sif Muna
Trog
Uskayaw
Vehumet
Wu Jian
Xom
Yredelemnul
Zin
The Shining One

'.......''#...................
##.....##.##..................
.##...##...##........).....#..
..##'##.....+.#............# .
.##...##...##..............#
##.....##.##.................
#.......#+#...................
##.....##...............##....
.##...####...###@.....### ....
..##'####...## #K......# ##
.##...#.....# ........##
##..........# ..>..)Z...
#.......#...#.##...KK...
.#.......#....##.......#
##......#...............
.#............###K......
................


You could see a kobold brigand (ally target), 3 kobolds and a friendly kobold
skeleton.


Message History

(D) Dungeon (T) Temple
Where to? (Enter - D:6, ? - help)
There is a staircase back to the Dungeon here.
You climb upwards.
Welcome back to the Dungeon!
There is a staircase to the Ecumenical Temple here.
Unknown command.
Unknown command.
You enter the shallow water.
Moving in this stuff is going to be slow.
Found a stone staircase leading up.
You now have 308 gold pieces (gained 12).
You open the door.
There is an open door here.
There is a fountain of clear blue water here.
You open the door.
There is an open door here.
K - 5 scrolls of identify {@r1} (gained 1)
You open the door.
There is an open door here.
You open the door.
There is an open door here.
There is an open door here.
There is an open door here.
There is an open door here.
You open the door.
There is an open door here.
You open the door.
There is an open door here.
There is an open door here.
You open the door.
There is an open door here.
You open the door.
There is an open door here. 3 kobolds come into view.
A kobold is wielding a +2 dagger of venom.
A kobold is wielding a +0 dagger and quivering poisoned darts.
The kobold shouts! x3
A kobold comes into view. It is wielding a +0 short sword.
A kobold brigand comes into view.
It is wielding a +0 whip and quivering curare-tipped darts.
Danger!
The kobold writhes in agony.
You kill the kobold!
The Council accepts your kill.
The kobold brigand shouts!
The dead are walking!
You hear a shout!
The kobold brigand throws a curare-tipped dart.
The curare-tipped dart hits you.
You are poisoned.
You have difficulty breathing.
You feel yourself slow down.
Unknown command.
The kobold writhes in agony.
You feel very sick.
A kobold comes into view. It is wielding a +0 short sword.
Unknown command.
The kobold writhes in agony.
You kill the kobold!
The Council accepts your kill.
The dead are walking!
You feel very sick.
The kobold brigand throws a curare-tipped dart.
The curare-tipped dart hits you.
You are more poisoned.
You have difficulty breathing.
You feel as though you will be slow longer.
The kobold hits your kobold skeleton with a +0 short sword.
You are too injured to fight recklessly!
You are too injured to fight recklessly!
Unknown command.
You feel extremely sick.
The kobold hits your kobold skeleton with a +0 short sword.
The kobold completely misses you.
The kobold brigand throws a curare-tipped dart.
The curare-tipped dart completely misses you.
Your kobold skeleton hits the kobold but does no damage.
Your kobold skeleton misses the kobold brigand.
You barely miss the kobold. You punch the kobold.
You kill the kobold!
The Council accepts your kill.
You feel very sick.
The kobold hits your kobold skeleton with a +0 short sword.
Your kobold skeleton is destroyed!
The kobold brigand throws a curare-tipped dart.
The curare-tipped dart hits you.
You are more poisoned.
You have difficulty breathing.
* * * LOW HITPOINT WARNING * * *
You feel as though you will be slow longer.
Your kobold skeleton hits the kobold brigand but does no damage.
A kobold comes into view. It is wielding a +0 short sword.
The kobold barely misses you.
The kobold brigand throws a curare-tipped dart.
The curare-tipped dart hits you.
You are more poisoned.
You have difficulty breathing.
* * * LOW HITPOINT WARNING * * *
You feel as though you will be slow longer.
You barely miss the kobold. Your punch misses the kobold.
Your bite misses the kobold.
You die...

Skill      XL: |  1  2  3  4  5  6  7  8  9 |
---------------+----------------------------+-----
Unarmed Combat | 1 2 4 6 8 10 | 10.3
Necromancy     | 5 |  5.0
Fighting       | 1 2 |  2.3
Dodging        | 2 |  2.9
Stealth        | 3 |  3.0
Spellcasting   | 3 |  3.0
Armour         | |  0.3

Action                     |  1- 3 |  4- 6 |  7- 9 || total
---------------------------+-------+-------+-------++-------
  Melee: Unarmed           |    43 |    76 |   172 ||   291
         Bite              |    10 |    15 |    48 ||    73
         Punch             |     1 |     3 |    10 ||    14
   Cast: Necrotise         |    49 |    82 |    77 ||   208
    Use: Scroll            |       |     5 |     8 ||    13
   Stab: Sleeping          |       |       |     2 ||     2
 Armour: Robe              |    14 |    20 |    28 ||    62
         Scale mail        |       |       |    14 ||    14
  Dodge: Dodged            |    33 |    53 |    84 ||   170

Levels and vault maps discovered:
D:1:      psy_arrival_conway, layout_loops_corners
D:2:      minmay_angry_zag, layout_loops_corners
D:3:      layout_rooms
D:4:      layout_gridville
D:5:      layout_basic
D:6:      layout_gridville
D:7:      layout_cave_pools, minmay_temple_entry_mist, nicolae_hexahallways
Temple:   kilobyte_greek_temple

Notes
Turn   | Place    | Note
-------+----------+-------------------------------------------
     0 | D:1      | Sobieck the Vine Stalker Necromancer began the quest for
                  | the Orb.
     0 | D:1      | Reached XP level 1. HP: 9/9 MP: 4/4
   277 | D:1      | Reached skill level 1 in Unarmed Combat
   277 | D:1      | Reached XP level 2. HP: 13/13 MP: 0/6
  1246 | D:2      | Reached XP level 3. HP: 15/16 MP: 5/7
  1382 | D:2      | Reached skill level 2 in Unarmed Combat
  1385 | D:2      | HP: 4/16 [poisoned by an adder]
  1897 | D:2      | Gained mutation: Your natural rate of healing is unusually
                  | fast. [Vine Stalker growth]
  1897 | D:2      | Reached XP level 4. HP: 21/21 MP: 5/8
  2385 | D:2      | Reached skill level 5 in Necromancy
  2875 | D:3      | Reached skill level 3 in Unarmed Combat
  3026 | D:3      | Noticed a phantom
  3314 | D:4      | Noticed a phantom
  3332 | D:3      | Killed a phantom
  3333 | D:3      | Reached skill level 4 in Unarmed Combat
  3333 | D:3      | Reached XP level 5. HP: 23/24 MP: 5/9
  3388 | D:3      | You pick up a book of Changes and begin reading...
  3388 | D:3      | You add the spells Beastly Appendage, Wereblood and Spider
                  | Form to your library.
  3644 | D:3      | Killed a phantom
  3645 | D:3      | Reached XP level 6. HP: 18/28 MP: 5/10
  3694 | D:4      | Reached skill level 5 in Unarmed Combat
  4088 | D:4      | Reached skill level 6 in Unarmed Combat
  4188 | D:4      | Learned a level 3 spell: Vampiric Draining
  4323 | D:4      | Reached XP level 7. HP: 32/32 MP: 2/11
  4756 | D:5      | Entered Level 5 of the Dungeon
  4827 | D:5      | HP: 5/32 [orc/+4 heavy war axe (11)]
  4831 | D:5      | Reached skill level 7 in Unarmed Combat
  4895 | D:5      | You pick up a book of Sloth and begin reading...
  4895 | D:5      | You add the spells Petrify, Metabolic Englaciation and
                  | Statue Form to your library.
  5287 | D:5      | Reached skill level 8 in Unarmed Combat
  5287 | D:5      | Gained mutation: You have razor-sharp teeth. [Vine Stalker
                  | growth]
  5287 | D:5      | Reached XP level 8. HP: 36/36 MP: 9/12
  5751 | D:5      | You pick up a book of the Hunter and begin reading...
  5751 | D:5      | You add the spells Call Canine Familiar, Portal Projectile
                  | and Leda's Liquefaction to your library.
  5947 | D:5      | Reached skill level 9 in Unarmed Combat
  6250 | D:6      | Reached skill level 10 in Unarmed Combat
  6538 | D:6      | Reached skill level 1 in Fighting
  6538 | D:6      | Reached skill level 2 in Dodging
  6538 | D:6      | Reached skill level 3 in Stealth
  6634 | D:6      | Reached skill level 3 in Spellcasting
  6634 | D:6      | Reached XP level 9. HP: 24/41 MP: 7/14
  6812 | D:7      | Reached skill level 2 in Fighting
  6961 | D:7      | Identified the +5 chain mail of Xovvifyops {Str+8}
  7196 | D:7      | Found a staircase to the Ecumenical Temple.
  7207 | Temple   | Entered the Ecumenical Temple
  7256 | Temple   | Became a worshipper of the Wu Jian Council
  7475 | D:7      | HP: 7/42 [asphyx]
  7476 | D:7      | Succumbed to a kobold brigand's curare-tipped dart

Vanquished Creatures
  A steam dragon (D:6)
  A water moccasin (D:6)
  An ice beast (D:5)
  A sky beast (D:7)
  A centaur (D:6)
  5 ogres
  3 phantoms
  3 scorpions
  3 howler monkeys
  2 jellies
  A hound (D:5)
  3 orc priests
  A sleepcap (D:5)
  3 orc wizards
  4 iguanas
  A gnoll (D:4)
  6 adders
  2 white imps
  An ufetubus (D:4)
  2 worms
  2 dart slugs
  26 orcs
  3 ball pythons
  5 bats
  4 endoplasms
  6 giant cockroaches
  7 goblins
  3 hobgoblins
  3 jackals (D:2)
  11 kobolds
  5 quokkas
  4 frilled lizards (D:3)
  6 rats
130 creatures vanquished.

Vanquished Creatures (collateral kills)
  2 gnolls (D:4)
  A dart slug (D:4)
  A ball python (D:1)
4 creatures vanquished.

Grand Total: 134 creatures vanquished

Table legend:
 A = Non-vault XP
 B = Vault XP
 C = Vault XP percentage of total XP
 D = Non-vault monster count
 E = Vault monster count
 F = Vault count percentage of total count
                 A         B        C        D         E       F
            +---------+---------+-------+---------+---------+-------
      Total |    2921 |      24 |   0.8 |     128 |       6 |   4.5
            +---------+---------+-------+---------+---------+-------
        D:1 |      30 |       0 |   0.0 |      16 |       0 |   0.0
        D:2 |      72 |      24 |  25.0 |      20 |       6 |  23.1
        D:3 |     227 |       0 |   0.0 |      15 |       0 |   0.0
        D:4 |     428 |       0 |   0.0 |      25 |       0 |   0.0
        D:5 |     863 |       0 |   0.0 |      27 |       0 |   0.0
        D:6 |     857 |       0 |   0.0 |      14 |       0 |   0.0
        D:7 |     444 |       0 |   0.0 |      11 |       0 |   0.0
            +---------+---------+-------+---------+---------+-------

Illustrated notes

Table legend:
 A = Kills in this place as a percentage of kills in the entire game.
 B = Kills by you in this place as a percentage of kills by you in the entire game.
 C = Kills by friends in this place as a percentage of kills by friends in the entire game.
 D = Other kills in this place as a percentage of other kills in the entire game.
 E = Experience gained in this place as a percentage of experience gained in the entire game.
 F = Experience gained in this place divided by the number of levels of this place that you have seen.
                   A       B       C       D       E      F
               +-------+-------+-------+-------+-------+----------------------
         Total | 100.0 | 100.0 | 100.0 |   N/A | 100.0 | 368.1
       Dungeon | 100.0 | 100.0 | 100.0 |   N/A | 100.0 | 420.7
               +-------+-------+-------+-------+-------+----------------------

Table legend: (Time is in decaauts)
 A = Elapsed time spent in this place.
 B = Non-inter-level travel time spent in this place.
 C = Inter-level travel time spent in this place.
 D = Time resting spent in this place.
 E = Time spent auto-exploring this place.
 F = Levels seen in this place.
 G = Mean time per level.
                   A        B        C        D        E       F      G
               +--------+--------+--------+--------+--------+-----+--------+
         Total |   7456 |   7050 |    406 |    524 |   5448 |   8 |  932.0 |
       Dungeon |   7278 |   6881 |    397 |    524 |   5290 |   7 | 1039.7 |
        Temple |    178 |    169 |      9 |      0 |    158 |   1 |  178.0 |
               +--------+--------+--------+--------+--------+-----+--------+

Top non-repeatable levels by time:
     D:2: 1615 daAuts
     D:4: 1217 daAuts
     D:1: 1183 daAuts
     D:5: 1140 daAuts
     D:3: 817 daAuts
     D:6: 775 daAuts
     D:7: 527 daAuts
  Temple: 178 daAuts
